 Dungeon Crawl Stone Soup version 0.29-a0-409-gd843f3a (webtiles) character file.

Game seed: 2481490471990641756

4698 Illumine the Archer (level 10, -7/82 HPs)
             Began as a Barachi Hunter on May 12, 2022.
             Was an Elder of Okawaru.
             Mangled by a komodo dragon (21 damage)
             ... on level 1 of the Lair of Beasts.
             The game lasted 00:21:04 (11610 turns).

Illumine the Archer (Barachi Hunter)               Turns: 11610, Time: 00:21:04

Health: -7/82      AC:  5    Str: 13    XL:     10   Next: 45%
Magic:  14/14      EV: 17    Int:  9    God:    Okawaru [****..]
Gold:   630        SH:  0    Dex: 20    Spells: 9/9 levels left

rFire   . . .      SeeInvis .   I - +3 longbow
rCold   + . .      Faith    .   (shield currently unavailable)
rNeg    . . .      Spirit   .   x - +1 leather armour {rPois}
rPois   +          Reflect  .   G - +0 helmet
rElec   .          Harm     .   (no cloak)
rCorr   .          Rampage  .   (no gloves)
Will    .....                   (no boots)
Stlth   ++........              (no amulet)
HPRegen 0.23/turn               t - ring of protection from cold
MPRegen 0.14/turn               (no ring)

@: unable to hop, hasted, quick
A: amphibious, slowness 1, strong legs 1, +LOS
a: Hop, Renounce Religion, Heroism, Finesse


You were on level 1 of the Lair of Beasts.
You worshipped Okawaru.
Okawaru was greatly pleased with you.
You visited 3 branches of the dungeon, and saw 13 of its levels.
You also visited: Bailey.

You collected 630 gold pieces.

Inventory:

Hand Weapons
 y - a +0 vorpal battleaxe
 B - a +0 vampiric halberd
 I - a +3 longbow (weapon)
Missiles
 a - a throwing net
 n - 24 poisoned darts
Armour
 x - a +1 leather armour of poison resistance (worn)
 G - a +0 helmet (worn)
Jewellery
 e - a ring of ice
 t - a ring of protection from cold (left hand)
Wands
 k - a wand of flame (34)
 H - a wand of acid (5)
Scrolls
 b - a scroll of blinking {unknown}
 c - 2 scrolls of immolation
 d - a scroll of fog
 f - 2 scrolls of torment {unknown}
 g - a scroll of magic mapping
 o - a scroll of vulnerability {unknown}
 q - a scroll of enchant armour
 s - 3 scrolls of teleportation {unknown}
 z - 2 scrolls of poison {unknown}
 C - a scroll of noise {unknown}
 D - a scroll of amnesia {unknown}
 F - a scroll of acquirement {unknown}
Potions
 h - 2 potions of haste
 i - 4 potions of degeneration
 j - 3 potions of curing
 l - 5 potions of might
 p - 2 potions of flight
 r - 2 potions of magic
 u - a potion of attraction {unknown}
 v - 2 potions of lignification
 w - a potion of cancellation {unknown}
 A - 2 potions of resistance {unknown}


   Skills:
 + Level 8.6 Fighting
 + Level 10.3 Bows
 - Level 2.0 Armour
 + Level 7.8 Dodging
 - Level 0.8 Stealth
 + Level 5.4 Invocations
 + Level 0.6 Evocations


You had 9 spell levels left.
You didn't know any spells.
Your spell library contained the following spells:

 Spells                   Type           Power      Damage    Failure   Level
 Static Discharge         Conj/Air       0%         N/A       61%         2
 Frozen Ramparts          Ice            0%         1d2       83%         3
 Gell's Gravitas          Tloc           0%         N/A       83%         3
 Lesser Beckoning         Tloc           0%         N/A       83%         3
 Portal Projectile        Hex/Tloc       0%         N/A       83%         3
 Teleport Other           Tloc           0%         N/A       83%         3
 Dispel Undead            Necr           0%         3d6       99%         4
 Ice Form                 Ice/Tmut       0%         N/A       99%         4
 Sticky Flame             Conj/Fire      0%         2d3       99%         4
 Blade Hands              Tmut           0%         N/A       100%        5
 Excruciating Wounds      Necr           0%         N/A       100%        5
 Summon Ice Beast         Ice/Summ       Unusable   N/A       N/A         4

Dungeon Overview and Level Annotations

Branches:
Dungeon (11/15)            Temple (1/1) D:4            Lair (1/6) D:8
 Bailey (visited)
    Orc: D:9-12

Altars:
Ashenzari
Dithmenos
Elyvilon
Fedhas
Gozag
Hepliaklqana
Kikubaaqudgha
Makhleb
Nemelex Xobeh
Okawaru
Qazlal
Ru
Sif Muna
Trog
Uskayaw
Vehumet
Wu Jian
Xom
Yredelemnul
Zin
The Shining One

Shops:
D:1 *   D:2 [

Annotations:
D:9 Maurice


Innate Abilities, Weirdness & Mutations

You are amphibious.
You cover ground slowly.
You can hop short distances.
You have an extended range of vision and can be seen from far away.


Message History

Your +2 longbow glows red for a moment.
Found a scale mail.
A komodo dragon comes into view.
The komodo dragon hisses angrily.
You shoot an arrow. The arrow hits the komodo dragon.
The komodo dragon is lightly wounded.
You shoot an arrow. The arrow hits the komodo dragon!
The komodo dragon is moderately wounded.
You shoot an arrow.
The arrow closely misses the komodo dragon.
You shoot an arrow. The arrow hits the komodo dragon!
The komodo dragon is moderately wounded.
Hop to where?
Press: ? - help, Dir - move target, p - komodo dragon Boing!
You shoot an arrow.
The arrow barely misses the komodo dragon.
The komodo dragon hisses menacingly.
You shoot an arrow.
The arrow completely misses the komodo dragon.
The komodo dragon bites you.
You shoot an arrow. The arrow hits the komodo dragon.
The komodo dragon is moderately wounded.
The komodo dragon bites you!
A bullfrog comes into view.
The komodo dragon bites you!!
Okay, then.
Okay, then.
Shoot: I) +3 longbow
Press: ? - help, Q - select action, (/) - cycle Shift-Dir - straight line, f/p - komodo dragon
Aim: a komodo dragon (moderately wounded, 76% to hit)
You shoot an arrow. The bullfrog gives a loud, deep croak!
The arrow hits the komodo dragon but does no damage.
The komodo dragon is moderately wounded.
The komodo dragon bites you!!
* * * LOW HITPOINT WARNING * * *
Okay, then.
You feel yourself speed up. The komodo dragon bites you!!
You die...

.............#
....[........#
.............#
.............#
.............#
.............#
.............##
#...........#
#.....@....## .
#...≈l≈≈≈≈.# ..
#.F.≈≈≈#≈≈.#
....##...≈####≈.##
#......≈# ##≈..#
#......≈###≈≈.##
####...≈≈≈≈≈≈.#
#..........#
####....P###


You could see a komodo dragon and a bullfrog.

Vanquished Creatures
  A gargoyle (Bailey)
  A troll (D:7)
  2 shadows (D:10)
  A vampire (Bailey)
  A wyvern (D:8)
  A black bear (D:5)
  2 ice beasts
  An ogre (D:5)
  4 centaurs
  2 kobold brigands
  3 bullfrogs
  3 gnoll sergeants
  A necrophage (D:7)
  A scorpion (D:5)
  3 wights (D:8)
  8 vampire bats (Bailey)
  A howler monkey (D:6)
  12 killer bees
  5 wolf zombies (Bailey)
  4 hounds
  3 gnoll shamans
  2 orc priests
  4 jellies
  Natasha (D:3)
  3 orc wizards
  28 gnolls
  8 adders
  19 orc zombies (Bailey)
  A shadow imp (D:8)
  A white imp (D:5)
  2 ufetubi
  A worm (D:2)
  2 dart slugs
  22 orcs
  3 bats
  11 endoplasms
  2 giant cockroaches
  6 goblins
  8 hobgoblins
  4 jackals (D:4)
  14 kobolds
  A quokka (D:2)
  8 ball pythons
  3 frilled lizards (D:2)
  8 rats
  A spectral orc (D:7)
223 creatures vanquished.

Vanquished Creatures (others)
  4 plants
4 creatures vanquished.

Grand Total: 227 creatures vanquished

Notes
Turn   | Place    | Note
-------+----------+-------------------------------------------
     0 | D:1      | Illumine the Barachi Hunter began the quest for the Orb.
     0 | D:1      | Reached XP level 1. HP: 17/17 MP: 1/1
    47 | D:1      | Found a faded altar of an unknown god.
    99 | D:1      | Reached XP level 2. HP: 23/23 MP: 2/2
   161 | D:1      | Found Iror's Assorted Antiques.
   436 | D:1      | Reached XP level 3. HP: 28/28 MP: 3/3
   767 | D:2      | Reached XP level 4. HP: 35/35 MP: 4/4
   839 | D:2      | You fall into a shaft and drop 2 floors!
  1035 | D:2      | Found Buyq's Armour Shoppe.
  1176 | D:2      | Reached skill level 5 in Bows
  1552 | D:3      | Noticed Natasha
  1563 | D:3      | Killed Natasha
  1564 | D:3      | Reached XP level 5. HP: 27/42 MP: 5/5
  2449 | D:4      | Found a staircase to the Ecumenical Temple.
  2477 | Temple   | Entered the Ecumenical Temple
  2512 | Temple   | Became a worshipper of Warmaster Okawaru
  2549 | D:4      | Reached XP level 6. HP: 47/48 MP: 6/6
  2961 | D:4      | Found a shimmering blue altar of Sif Muna.
  3025 | D:5      | Entered Level 5 of the Dungeon
  3025 | D:5      | Found a sparkling altar of Nemelex Xobeh.
  3215 | D:5      | Reached skill level 6 in Bows
  3241 | D:5      | Reached skill level 1 in Invocations
  3376 | D:5      | Noticed a black bear
  3381 | D:5      | Killed a black bear
  3381 | D:5      | Reached * piety under Okawaru
  3382 | D:5      | Reached XP level 7. HP: 55/55 MP: 7/7
  3413 | D:5      | Reached skill level 5 in Fighting
  3699 | D:5      | Found a hazy altar of Hepliaklqana.
  3735 | D:6      | Found a white marble altar of Elyvilon.
  4151 | D:6      | Reached skill level 7 in Bows
  4224 | D:6      | Reached XP level 8. HP: 63/63 MP: 9/9
  4237 | D:6      | Reached ** piety under Okawaru
  4238 | D:6      | Reached skill level 5 in Dodging
  4475 | D:6      | Found an ancient bone altar of Kikubaaqudgha.
  5306 | D:7      | Found a hide-covered altar of Uskayaw.
  5392 | D:7      | Noticed a troll
  5612 | D:8      | Reached skill level 8 in Bows
  5851 | D:8      | Found a staircase to the Lair.
  5933 | D:8      | Found a flagged portal.
  5948 | Bailey   | Entered a bailey
  6126 | Bailey   | Reached XP level 9. HP: 71/71 MP: 11/11
  6152 | Bailey   | Reached *** piety under Okawaru
  7120 | Bailey   | Noticed a gargoyle
  7131 | Bailey   | Killed a gargoyle
  7132 | Bailey   | Reached skill level 9 in Bows
  7848 | D:8      | Reached skill level 1 in Armour
  8407 | D:7      | Killed a troll
  8407 | D:7      | Reached **** piety under Okawaru
  8408 | D:7      | Reached XP level 10. HP: 33/80 MP: 13/13
  8693 | D:7      | Found a blossoming altar of Fedhas.
  8719 | D:7      | Found a shimmering altar of Xom.
  8779 | D:7      | Reached skill level 10 in Bows
  8951 | D:7      | Found a sacrificial altar of Ru.
  8981 | D:7      | Found a bloodstained altar of Trog.
  9156 | D:7      | Found a basalt altar of Yredelemnul.
  9223 | D:9      | Noticed Maurice
  9320 | D:10     | Entered Level 10 of the Dungeon
  9394 | D:10     | Reached skill level 5 in Invocations
 10943 | D:10     | Found a glowing golden altar of the Shining One.
 11536 | Lair:1   | Entered Level 1 of the Lair of Beasts
 11610 | Lair:1   | Mangled by a komodo dragon

Illustrated notes

Levels and vault maps discovered:
D:1:      dpeg_arrival_radiant, layout_basic,
          shapermc_ecumenical_altar_mp_ritualfount, serial_shops,
          nicolae_shop_trees
D:2:      layout_rooms, serial_shops, nicolae_shop_waterfront, minmay_tall_x
D:3:      layout_loops_cross, minmay_cupped, uniq_natasha
D:4:      layout_basic, nicolae_sif_muna_little_library, temple_fountains
D:5:      layout_loops_cross, nzn_hepliaklqana_mist_gate,
          nemelex_xobeh_ov_fountains_minmay
D:6:      layout_cave_pods, mainiacjoe_overflow_cross_hatched,
          kiku_gazebo_garden_becter
D:7:      layout_loops_ring, yredelemnul_forgotten_temple_becter,
          mainiacjoe_overflow_concentric_impassable,
          nicolae_overflow_quartered_altars
D:8:      nicolae_BIG_FREAKIN_CUBE, layout_gridville, enter_bailey_2
D:9:      layout_small_grid, cheibriados_altar_1, worms_lemuel, uniq_maurice
D:10:     layout_basic, tso_metal_star
D:11:     lemuel_reptile_caves, layout_gridville, kennysheep_generic_room_2
Temple:   jpeg_temple_island
Lair:1:   layout_gridlike, chequers_serial_rivers_large_a, grunt_megastairs_2

Skill      XL: |  1  2  3  4  5  6  7  8  9 10 |
---------------+-------------------------------+-----
Fighting       | 3 4 5 6 7 8 |  8.6
Dodging        | 3 4 6 7 |  7.8
Bows           | 5 6 7 8 9 10 | 10.3
Invocations    | 1 2 3 4 5 |  5.4
Armour         | 1 2 |  2.0
Stealth        | |  0.8
Evocations     | |  0.6

Action                   |  1- 3 |  4- 6 |  7- 9 | 10-12 || total
-------------------------+-------+-------+-------+-------++-------
Melee: Battleaxe         |       |       |    10 |       ||    10
 Fire: Shortbow          |    69 |   215 |   306 |   108 ||   698
       Longbow           |       |       |       |    24 ||    24
 Abil: Hop               |     2 |     2 |     8 |     2 ||    14
Evoke: Wand              |       |       |    15 |       ||    15
  Use: Scroll            |       |     5 |     8 |     5 ||    18
       Potion            |       |       |     5 |     1 ||     6
Armor: Leather armour    |     2 |    10 |    26 |     5 ||    43
Dodge: Dodged            |    12 |    46 |   149 |    41 ||   248

Table legend: (Time is in decaauts)
 A = Elapsed time spent in this place.
 B = Non-inter-level travel time spent in this place.
 C = Inter-level travel time spent in this place.
 D = Time resting spent in this place.
 E = Time spent auto-exploring this place.
 F = Levels seen in this place.
 G = Mean time per level.
                   A        B        C        D        E       F      G
               +--------+--------+--------+--------+--------+-----+--------+
         Total |  13018 |  12295 |    723 |   3042 |   7075 |  14 |  929.9 |
       Dungeon |  11255 |  10562 |    693 |   2101 |   6939 |  11 | 1023.2 |
        Temple |     72 |     42 |     30 |      0 |     28 |   1 |   72.0 |
          Lair |     88 |     88 |      0 |      0 |     63 |   1 |   88.0 |
        Bailey |   1602 |   1602 |      0 |    940 |     43 |   1 | 1602.0 |
               +--------+--------+--------+--------+--------+-----+--------+

Top non-repeatable levels by time:
    D:10: 2244 daAuts
     D:6: 1688 daAuts
     D:8: 1681 daAuts
  Bailey: 1602 daAuts
     D:7: 1155 daAuts
     D:3: 1046 daAuts
     D:4: 965 daAuts
     D:5: 838 daAuts
     D:1: 714 daAuts
     D:2: 694 daAuts
     D:9: 129 daAuts
    D:11: 97 daAuts
  Lair:1: 88 daAuts
  Temple: 72 daAuts
